Description

Dark starts with a strong economic no gas opening, pushes at some point with a few roaches, gets pushed back from cloaked banshees and defends. Dark goes into a zergling baneling roach ravager infestor viper ultralisk composition.

VOD

https://www.youtube.com/watch?v=FK6-JVQpztk

Replay - Cure v Dark: Game 1 - [ESL] Oceanborn

Build Order

Get SALT Encoding   

  12  0:00  Drone  
  13  0:12  Overlord  
  13  0:17  Drone  
  14  0:30  Drone x2  
  16  0:49  Hatchery  
  15  0:52  Drone x2  
  17  1:00  Drone  
  18  1:13  Spawning Pool  
  18  1:16  Drone x2  
  19  1:29  Drone  
  20  1:40  Drone  
  20  1:45  Hatchery  
  20  1:51  Drone  
  21  2:00  Queen  
  23  2:02  Zergling x4  
  25  2:10  Queen  
  25  2:14  Overlord  
  27  2:20  Drone  
  28  2:33  Drone x4  
  32  2:38  Queen  
  32  2:43  Overlord  
  34  2:49  Queen  
  36  2:51  Overlord  
  36  2:58  Queen  
  36  2:59  Drone x2  
  36  3:05  Drone x4  
  44  3:15  Drone x3  
  47  3:22  Drone x3  
  47  3:25  Extractor x2  
  49  3:30  Drone x3  
  49  3:32  Roach Warren  
  50  3:38  Overlord  
  50  3:39  Drone  
  51  3:46  Drone x6  
  57  3:56  Overlord  
  57  3:57  Drone x4  
  61  4:06  Overlord x2  
  61  4:12  Drone  
  61  4:14  Roach x4  
  70  4:21  Overlord x2  
  70  4:22  Roach  
  72  4:28  Roach x2  
  72  4:29  Extractor  
  75  4:37  Roach  
  75  4:38  Overlord x2, Drone x5  
  82  4:46  Drone x3  
  82  4:51  Roach  
  87  4:54  Overlord  
  87  4:56  Drone  
  88  5:00  Overlord x3  
  88  5:06  Overlord x3, Extractor  
  87  5:09  Lair  
  87  5:11  Extractor x2  
  87  5:13  Drone x8  
  88  5:19  Drone x2  
  92  5:24  Spore Crawler  
  83  5:38  Drone x7  
  85  5:43  Spore Crawler x2  
  85  5:45  Drone x3  
  86  5:52  Drone x5  
  86  5:53  Hatchery  
  90  5:58  Drone x4  
  94  6:05  Drone  
  94  6:06  Evolution Chamber x2  
  94  6:10  Glial Reconstitution  
  93  6:12  Infestation Pit  
  93  6:13  Queen  
  93  6:15  Drone x5  
  98  6:24  Drone x3  
  99  6:32  Baneling Nest  
  98  6:33  Drone x7  
  98  6:38  Zerg Melee Weapons Level 1  
  98  6:39  Zerg Ground Armor Level 1  
  104  6:40  Overseer  
  104  6:44  Spore Crawler  
  103  6:47  Infestor x2  
  103  6:51  Hive  
  103  6:53  Roach x3  
  110  7:05  Drone x4  
  113  7:10  Roach x6  
  113  7:12  Ravager x3  
  128  7:16  Centrifugal Hooks, Zergling x8  
  132  7:26  Zergling x16  
  132  7:27  Metabolic Boost  
  140  7:46  Zergling x18, Hatchery  
  148  7:53  Ravager  
  148  7:57  Zergling x4  
  151  8:02  Zergling x6  
  154  8:06  Viper x2  
  154  8:08  Zergling x14  
  154  8:09  Ultralisk Cavern  
  154  8:10  Overlord x2  
  166  8:15  Zergling x2  
  167  8:22  Overlord x3  
  167  8:28  Overlord  
  167  8:29  Zergling x18  
  167  8:32  Zerg Melee Weapons Level 2  
  167  8:33  Zerg Ground Armor Level 2  
  176  8:35  Zergling x6  
  179  8:46  Zergling x4  
  181  8:55  Zergling x16  
  186  8:59  Ravager x2  
  186  9:01  Zergling x2  
  189  9:08  Zergling x20, Baneling x10  
  187  9:21  Chitinous Plating  
  185  9:24  Ultralisk x2  
  185  9:25  Zergling x4  
  199  9:35  Adrenal Glands  
  165  9:46  Zergling x30  
  170  9:54  Ultralisk  
  170  9:58  Zergling x4  
Spawning Tool Build Advisor. Get it on Overwolf

Go to:

Details

  • Created by: ruppe2
  • Published on: Jul 17, 2024
  • Modified on: Jul 17, 2024
  • Patch: 5.0.11
  • Difficulty: Hard
Show
View Real Time Build Order
Export as new Build Order

Comments (0)

There are no comments. Be the first!

Create an account to comment!